 Dungeon Crawl Stone Soup version 0.18.1-6-gd335043 (webtiles) character file.

17488 Mefis the Thaumaturge (level 12, -32/59 HPs)
             Began as a Deep Elf Wizard on May 17, 2016.
             Was a High Priest of Sif Muna.
             Annihilated by an enormous slime creature (67 damage)
             ... on level 12 of the Dungeon.
             The game lasted 01:15:20 (20538 turns).

Mefis the Thaumaturge (Deep Elf Wizard)            Turns: 20538, Time: 01:15:20

Health: -32/59     AC:  8    Str:  4    XL:     12   Next: 19%
Magic:  18/28      EV: 14    Int: 31    God:    Sif Muna [*****.]
Gold:   725        SH:  6    Dex:  9    Spells: 11 memorised, 2 levels left

rFire  . . .     SeeInvis .     y - +0 rod of inaccuracy (5/14)
rCold  . . .     Gourm    .     a - +0 robe
rNeg   . . .     Faith    +     U - +2 buckler
rPois  +         Spirit   .     b - +0 hat
rElec  .         Dismiss  .     W - +2 cloak of Riycloel {Slay+2}
rCorr  .         Reflect  .     o - +0 pair of gloves
SustAt .         Harm     .     r - +0 pair of boots
MR     ++...                    D - amulet of faith
Stlth  ++++......               X - ring of poison resistance
                                n - ring of protection from magic

@: repel missiles, very resistant to hostile enchantments, stealthy
A: fangs 1, clever 1, clumsy 2, regeneration 1, shaggy fur 1, MP-powered wands
a: Channel Energy, Forget Spell, Renounce Religion


You were on level 12 of the Dungeon.
You worshipped Sif Muna.
Sif Muna was extremely pleased with you.
You were not hungry.

You visited 3 branches of the dungeon, and saw 14 of its levels.

You collected 921 gold pieces.
You spent 196 gold pieces at shops.

Inventory:

Hand Weapons
 E - a +3 scimitar
Missiles
 V - 2 throwing nets (quivered)
Armour
 a - a +0 robe (worn)
 b - a +0 hat (worn)
 h - a mottled dragon hide
 j - a troll hide
 o - a +0 pair of gloves (worn)
 r - a +0 pair of boots (worn)
 U - a +2 buckler (worn)
 W - the +2 cloak of Riycloel (worn) {Slay+2}
   (You found it on level 11 of the Dungeon)

   It affects your accuracy and damage with ranged weapons and melee attacks
   (+2).
Rods
 y - a +0 rod of inaccuracy (5/14) (in hand)
   (You found it on level 7 of the Dungeon)
Jewellery
 e - an uncursed ring of see invisible
 n - a ring of protection from magic (left hand)
 D - an amulet of faith (around neck)
 G - an uncursed ring of protection from fire
 X - a ring of poison resistance (right hand)
Wands
 f - a wand of flame (12/48)
Scrolls
 m - 6 scrolls of enchant armour
 v - 3 scrolls of magic mapping
 x - 5 scrolls of fear
 z - 2 scrolls of amnesia
 K - 2 scrolls of enchant weapon
 O - 3 scrolls of remove curse
 R - 5 scrolls of teleportation
Potions
 g - a potion of might
Books
 c - a book of Minor Magic

   Spells                             Type                      Level
   a - Magic Dart                     Conjuration                  1
   b - Blink                          Translocation                2
   c - Call Imp                       Summoning                    2
   d - Repel Missiles                 Charms/Air                   2
   e - Slow                           Hexes                        2
   f - Conjure Flame                  Conjuration/Fire             3
   g - Mephitic Cloud                 Conjuration/Poison/Air       3
 k - the Volume of Malediction
   (You found it on level 10 of the Dungeon)

   Spells                             Type                      Level
   a - Corona                         Hexes                        1
   b - Inner Flame                    Hexes/Fire                   3
   c - Summon Mana Viper              Hexes/Summoning              5
   d - Yara's Violent Unravelling     Hexes/Transmutation          5
   e - Darkness                       Hexes                        6
 F - a book of Power

   Spells                             Type                      Level
   a - Fulminant Prism                Conjuration/Hexes            4
   b - Iskenderun's Mystic Blast      Conjuration                  4
   c - Venom Bolt                     Conjuration/Poison           5
   d - Bolt of Magma                  Conjuration/Fire/Earth       5
   e - Iron Shot                      Conjuration/Earth            6
   f - Orb of Destruction             Conjuration                  7
   g - Spellforged Servitor           Conjuration/Summoning        7
 H - a book of Flames

   Spells                             Type                      Level
   a - Flame Tongue                   Conjuration/Fire             1
   b - Throw Flame                    Conjuration/Fire             2
   c - Conjure Flame                  Conjuration/Fire             3
   d - Inner Flame                    Hexes/Fire                   3
   e - Sticky Flame                   Conjuration/Fire             4
   f - Fireball                       Conjuration/Fire             5
 Q - a book of Beasts

   Spells                             Type                      Level
   a - Summon Butterflies             Summoning                    1
   b - Call Canine Familiar           Summoning                    3
   c - Summon Ice Beast               Ice/Summoning                4
   d - Summon Mana Viper              Hexes/Summoning              5
   e - Summon Hydra                   Summoning                    7
Miscellaneous
 C - a crystal ball of energy
Comestibles
 d - 7 bread rations
 p - 11 meat rations
 I - 11 fruits
 L - 3 slices of pizza
 N - 4 beef jerkies


   Skills:
 + Level 8.2 Dodging
 + Level 9.0 Stealth
 - Level 3.1 Shields
 * Level 10.3 Spellcasting
 * Level 8.4 Conjurations
 - Level 7.7 Hexes
 - Level 1.7 Charms
 * Level 8.0 Summonings
 - Level 1.9 Translocations
 + Level 6.4 Fire Magic
   Level 3.2 Ice Magic
 + Level 6.5 Poison Magic
 + Level 4.8 Invocations


You had 2 spell levels left.
You knew the following spells:

 Your Spells              Type           Power        Failure   Level  Hunger
a - Magic Dart            Conj           ####         1%          1    None
b - Summon Butterflies    Summ           ######..     1%          1    None
c - Blink                 Tloc           N/A          2%          2    None
d - Venom Bolt            Conj/Pois      ######....   4%          5    ###....
e - Mephitic Cloud        Conj/Pois/Air  #####...     1%          3    None
f - Fireball              Conj/Fire      ######....   4%          5    ###....
g - Slow                  Hex            ######..     1%          2    None
h - Inner Flame           Hex/Fire       ######..     1%          3    None
i - Repel Missiles        Chrm/Air       ###...       4%          2    None
s - Throw Flame           Conj/Fire      ######       1%          2    None
F - Conjure Flame         Conj/Fire      ######..     1%          3    None


Dungeon Overview and Level Annotations

Branches:
Dungeon (12/15)            Temple (1/1) D:6            Lair (1/8) D:11
    Orc (0/2) D:9

Altars:
Ashenzari
Cheibriados
Dithmenos
Elyvilon
Gozag
Kikubaaqudgha
Makhleb
Nemelex Xobeh
Okawaru
Pakellas
Qazlal
Ru
Sif Muna
Trog
Vehumet
Xom
Yredelemnul
Zin
The Shining One

Shops:
D:8 *


Innate Abilities, Weirdness & Mutations

You have very sharp teeth.
Your mind is acute. (Int +2)
You are very clumsy. (Dex -4)
Your natural rate of healing is unusually fast.
You are covered in fur (AC +1).
You expend magic power (3 MP) to strengthen your wands.


Message History

Really fire in your butterfly's direction?
The narrow beam of energy hits the large slime creature.
The large slime creature is almost dead.
The narrow beam of energy hits the enormous slime creature.
The enormous slime creature is moderately wounded.
The narrow beam of energy misses your butterfly.
The large slime creature is engulfed in roaring flames.
You kill the large slime creature!
The enormous slime creature is engulfed in roaring flames.
Your butterfly is engulfed in roaring flames.
You kill your butterfly!
Casting: Conjure Flame
Confirm with . or Enter, or press ? or * to list all spells.
Aiming: Slow
Press: ? - help, Shift-Dir - straight line, f/p - enormous slime creature
Aim: an enormous slime creature (heavily wounded, chance to defeat MR: 71%)
The enormous slime creature struggles to resist.
The enormous slime creature hits you!!!
Ouch! That really hurt!
You die...

#.# #.# ##### #.####.####...#
#.#.....§.....#
#......####...#### ###.####
##.....# #.# #......## #### #.#
##.J...)## ...####### #J#
##b.....# #........# #@# #.......
......##.# #.# #......#
...##.##.# #.# ##'#...##
......##.# #.# ##..b####
..##..##.# ###.# ##.....##
...#..##.# ##.#.## #....b.J##
...<..##.####.#...## #.........##
.............†.......+.........'.
.....#########....####......b..##


You could see an enormous slime creature.

Vanquished Creatures
  Pikel (D:5)
  4 hill giants
  2 cyclopes (D:11)
  A slime creature (D:12)
  A manticore (D:12)
  A gargoyle (D:6)
  A spiny frog (Lair:1)
  2 trolls
  A two-headed ogre (D:9)
  A spriggan (D:12)
  Sigmund (D:5)
  21 yaks
  A wyvern (D:12)
  4 hippogriffs
  Grum (D:11)
  2 hungry ghosts (D:9)
  6 jellies
  A mottled dragon (D:11)
  2 water moccasins
  A soldier ant (D:12)
  A porcupine (D:11)
  3 black bears
  5 ice beasts
  A wasp (D:8)
  A black bear (shapeshifter) (D:11)
  2 orc warriors
  A phantom (D:8)
  5 sky beasts
  A necrophage (D:9)
  9 ogres
  3 wolves (D:11)
  3 centaurs
  A crocodile (Lair:1)
  2 big kobolds (D:12)
  8 giant frogs
  2 gnoll sergeants
  6 scorpions
  A water moccasin skeleton (D:7)
  A killer bee (D:7)
  3 wights (D:8)
  2 electric eels (Lair:1)
  8 howler monkeys
  5 crimson imps
  3 centaur zombies
  3 giant frog zombies
  10 hounds
  A jelly (shapeshifter) (D:11)
  5 orc priests
  4 centaur skeletons
  A giant frog skeleton (D:11)
  2 iguanas
  6 orc wizards
  7 worker ants
  A hell rat (D:11)
  A killer bee zombie (D:3)
  A sheep (D:11)
  A hound zombie (D:7)
  A hound skeleton (D:9)
  A howler monkey zombie (D:10)
  A worker ant zombie (D:6)
  14 adders
  17 gnolls
  3 shadow imps
  2 oozes (D:3)
  5 worms
  2 dart slugs (D:4)
  7 giant geckos
  35 orcs
  2 ball pythons
  4 bats
  6 giant cockroaches
  5 goblins
  12 hobgoblins
  A jackal (D:2)
  14 kobolds
  8 quokkas
  5 giant newts
  2 quokka zombies
  8 rats
330 creatures vanquished.

Vanquished Creatures (collateral kills)
  Eustachio (D:5)
  Duvessa (D:4)
  Dowan (D:4)
  A worker ant (D:4)
  A worm (D:2)
  A giant gecko (D:4)
  A jackal (D:2)
  A giant cockroach zombie (D:5)
  A giant gecko skeleton (D:4)
9 creatures vanquished.

Vanquished Creatures (others)
  3 slaves (D:5)
  A giant newt (D:5)
  A quokka zombie (D:5)
5 creatures vanquished.

Grand Total: 344 creatures vanquished

Notes
Turn   | Place    | Note
--------------------------------------------------------------
     0 | D:1      | Mefis the Deep Elf Wizard began the quest for the Orb.
     0 | D:1      | Reached XP level 1. HP: 10/10 MP: 7/7
   266 | D:1      | Reached XP level 2. HP: 15/15 MP: 1/9
   270 | D:1      | Learned a level 2 spell: Call Imp
   273 | D:1      | Learned a level 2 spell: Blink
   276 | D:1      | Learned a level 2 spell: Repel Missiles
  1409 | D:2      | Reached XP level 3. HP: 19/19 MP: 3/11
  1420 | D:2      | Learned a level 3 spell: Mephitic Cloud
  2102 | D:2      | Reached XP level 4. HP: 10/24 MP: 1/12
  3155 | D:3      | Reached skill level 1 in Poison Magic
  3206 | D:3      | Reached skill level 5 in Spellcasting
  3812 | D:3      | Reached XP level 5. HP: 28/28 MP: 9/14
  4135 | D:3      | Learned a level 3 spell: Conjure Flame
  4355 | D:4      | Noticed an ogre
  4380 | D:4      | Killed an ogre
  4667 | D:4      | Noticed Dowan
  4674 | D:4      | Noticed Duvessa
  5019 | D:4      | Reached skill level 1 in Fire Magic
  5019 | D:4      | Reached XP level 6. HP: 29/32 MP: 8/16
  5023 | D:4      | Learned a level 2 spell: Slow
  5148 | D:4      | Killed Duvessa
  5148 | D:4      | Reached skill level 1 in Hexes
  5152 | D:4      | Killed Dowan
  5738 | D:4      | Reached XP level 7. HP: 36/36 MP: 14/17
  5885 | D:5      | Entered Level 5 of the Dungeon
  6022 | D:5      | Noticed Pikel
  6036 | D:5      | Killed Pikel
  6036 | D:5      | Reached skill level 5 in Dodging
  6036 | D:5      | Reached skill level 6 in Spellcasting
  6036 | D:5      | Reached XP level 8. HP: 37/41 MP: 3/19
  6244 | D:5      | Reached skill level 5 in Stealth
  6247 | D:5      | Noticed Eustachio
  6359 | D:5      | Noticed Sigmund
  6503 | D:5      | Killed Sigmund
  6560 | D:5      | Reached skill level 5 in Conjurations
  6721 | D:5      | Found a shimmering altar of Xom.
  6815 | D:5      | Reached skill level 7 in Spellcasting
  7087 | D:5      | Killed Eustachio
  7087 | D:5      | Reached XP level 9. HP: 20/45 MP: 14/21
  7703 | D:6      | Found a staircase to the Ecumenical Temple.
  7732 | Temple   | Entered the Ecumenical Temple
  7746 | Temple   | Became a worshipper of Sif Muna the Loreminder
  7856 | D:6      | Reached skill level 5 in Hexes
  8007 | D:6      | Noticed a gargoyle
  8354 | D:6      | Found a snail-covered altar of Cheibriados.
  8631 | D:6      | Killed a gargoyle
  8904 | D:6      | Reached * piety under Sif Muna
  9739 | D:6      | Learned a level 1 spell: Summon Butterflies
  9744 | D:6      | Learned a level 4 spell: Summon Ice Beast
  9871 | D:7      | Reached skill level 5 in Summonings
 10350 | D:7      | Reached skill level 1 in Ice Magic
 10942 | D:7      | Reached skill level 1 in Invocations
 11324 | D:7      | Reached skill level 5 in Poison Magic
 11514 | D:8      | Reached XP level 10. HP: 49/50 MP: 12/23
 11517 | D:8      | Reached skill level 8 in Spellcasting
 12107 | D:8      | Reached ** piety under Sif Muna
 12760 | D:8      | Gained mutation: You expend magic power (3 MP) to strengthen your wands. [mutagenic meat]
 12761 | D:8      | Gained mutation: You are clumsy. (Dex -2) [mutagenic meat]
 12762 | D:8      | Gained mutation: Your natural rate of healing is unusually fast. [mutagenic meat]
 12763 | D:8      | Gained mutation: You have very sharp teeth. [mutagenic meat]
 12772 | D:8      | Found Wiydia Soxo's Assorted Antiques.
 12874 | D:8      | Bought 2 scrolls labeled NUHERA HAASM for 40 gold pieces
 12874 | D:8      | Bought a thick malachite amulet for 100 gold pieces
 12874 | D:8      | Bought a scroll labeled KEIDIO DOPSUINN for 20 gold pieces
 12874 | D:8      | Bought a bubbling emerald potion for 18 gold pieces
 12874 | D:8      | Bought a puce potion for 18 gold pieces
 13274 | D:9      | Reached skill level 1 in Shields
 13342 | D:9      | Found an oddly glowing altar of Pakellas.
 13449 | D:9      | Reached skill level 5 in Fire Magic
 14277 | D:9      | Found a staircase to the Orcish Mines.
 14376 | D:9      | Learned a level 5 spell: Fireball
 14382 | D:9      | Learned a level 3 spell: Inner Flame
 14385 | D:9      | Learned a level 2 spell: Throw Flame
 14811 | D:10     | Entered Level 10 of the Dungeon
 15004 | D:10     | Noticed a hill giant
 15014 | D:10     | Killed a hill giant
 15014 | D:10     | Reached *** piety under Sif Muna
 15962 | D:10     | Identified the Volume of Malediction (You found it on level 10 of the Dungeon)
 16177 | D:11     | Reached XP level 11. HP: 46/54 MP: 3/25
 16546 | D:11     | Identified a +0 rod of inaccuracy (14/14) (You found it on level 7 of the Dungeon)
 16552 | D:11     | Gained mutation: You are covered in fur (AC +1). [mutagenic meat]
 16553 | D:11     | Gained mutation: You have sharp toenails. [mutagenic meat]
 16554 | D:11     | Gained mutation: You evolve. [mutagenic meat]
 16595 | D:11     | Noticed Grum
 16624 | D:11     | Killed Grum
 16891 | D:11     | Reached skill level 9 in Spellcasting
 16913 | D:11     | Reached **** piety under Sif Muna
 17079 | D:11     | Gained mutation: Your mind is acute. (Int +2) [mutagenic meat]
 17139 | D:11     | Got a fine cloak
 17451 | D:11     | Found a staircase to the Lair.
 17459 | D:11     | Noticed a hill giant
 17468 | D:11     | Killed a hill giant
 17593 | Lair:1   | Entered Level 1 of the Lair of Beasts
 17865 | Lair:1   | Identified the +2 cloak of Riycloel {Slay+2} (You found it on level 11 of the Dungeon)
 17927 | D:11     | Learned a level 5 spell: Venom Bolt
 17998 | D:11     | Lost mutation: You expend magic power (3 MP) to strengthen your wands. [evolution]
 17998 | D:11     | Lost mutation: You evolve. [end of evolution]
 18122 | D:11     | Noticed a hill giant
 18128 | D:11     | Killed a hill giant
 18128 | D:11     | Reached ***** piety under Sif Muna
 18538 | D:11     | Reached skill level 1 in Charms
 19098 | D:12     | Reached skill level 10 in Spellcasting
 19657 | D:12     | Gained mutation: You are very clumsy. (Dex -4) [mutagenic meat]
 19658 | D:12     | Gained mutation: You expend magic power (3 MP) to strengthen your wands. [mutagenic meat]
 19659 | D:12     | Lost mutation: You have sharp toenails. [mutagenic meat]
 19660 | D:12     | Gained mutation: You are resistant to electric shocks. [mutagenic meat]
 19661 | D:12     | Lost mutation: You are resistant to electric shocks. [mutagenic meat]
 19703 | D:12     | Reached XP level 12. HP: 59/59 MP: 19/28
 20538 | D:12     | Annihilated by an enormous slime creature

Skill      XL: |  1  2  3  4  5  6  7  8  9 10 11 12 |
---------------+-------------------------------------+-----
Conjurations   | 2 3 4 5 6 7 8 |  8.4
Dodging        | 3 4 5 6 7 8 |  8.2
Stealth        | 3 4 6 7 8 9 |  9.0
Poison Magic   | 1 2 3 4 5 6 |  6.5
Spellcasting   | 5 6 7 8 10 | 10.3
Summonings     | 2 3 4 5 6 7 8 |  8.0
Fire Magic     | 1 2 3 4 5 6 |  6.4
Hexes          | 1 3 4 6 7 |  7.7
Ice Magic      | 1 3 |  3.2
Invocations    | 1 3 4 |  4.8
Shields        | 1 3 |  3.1
Charms         | 1 |  1.7
Translocations | |  1.9

Action                   |  1- 3 |  4- 6 |  7- 9 | 10-12 || total
-------------------------+-------+-------+-------+-------++-------
Melee: Dagger            |     7 |    16 |       |       ||    23
       Flail             |       |     2 |    23 |       ||    25
       Scimitar          |       |       |       |     8 ||     8
 Fire: Shortbow          |       |       |   187 |    45 ||   232
       Longbow           |       |       |       |    13 ||    13
Throw: Stone             |       |       |     9 |       ||     9
 Cast: Magic Dart        |   110 |   160 |   364 |   290 ||   924
       Call Imp          |     4 |     8 |     5 |       ||    17
       Mephitic Cloud    |       |     5 |    23 |    35 ||    63
       Blink             |       |     2 |     3 |     1 ||     6
       Repel Missiles    |       |     1 |       |     2 ||     3
       Conjure Flame     |       |       |    24 |    20 ||    44
       Summon Butterflie |       |       |     2 |     4 ||     6
       Throw Flame       |       |       |       |   225 ||   225
       Venom Bolt        |       |       |       |    27 ||    27
       Fireball          |       |       |       |    15 ||    15
       Slow              |       |       |       |     1 ||     1
Invok: Channel Energy    |       |       |       |    31 ||    31
Evoke: Rod               |       |       |       |    27 ||    27
  Use: Scroll            |       |       |     9 |     6 ||    15
 Stab: Sleeping          |       |     2 |       |       ||     2
       Confused          |       |       |     4 |       ||     4
  Eat: Chunk             |     3 |    11 |     7 |    40 ||    61
       Bread ration      |       |       |     3 |     3 ||     6
       Fruit             |       |       |       |     1 ||     1
Armor: Robe              |    16 |    17 |    36 |    20 ||    89
Dodge: Dodged            |    26 |    52 |   120 |    90 ||   288
       Deflected         |       |       |     5 |     7 ||    12
Block: Buckler           |       |       |       |    10 ||    10
